 Dungeon Crawl Stone Soup version 0.31-a0-187-gba352fbbf7 (webtiles) character file.

Game seed: 2285839167271631738

490 qw the Skirmisher (level 6, 0/35 HPs)
             Began as a Deep Elf Hunter on June 22, 2023.
             Slain by a gnoll
             ... wielding a +0 halberd
             ... led by a gnoll bouda
              (1 damage)
             ... on level 4 of the Dungeon.
             The game lasted 00:00:56 (2127 turns).

qw the Skirmisher (Deep Elf Hunter)                 Turns: 2127, Time: 00:00:57

Health: 0/35       AC:  7    Str: 10    XL:     6   Next: 90%
Magic:  2/8        EV: 11    Int: 14    God:
Gold:   178        SH:  0    Dex: 18    Spells: 5/5 levels left

rFire   . . .        Y - +0 shortbow
rCold   . . .        (shield currently unavailable)
rNeg    . . .        f - +0 ring mail
rPois   .            b - +0 helmet
rElec   .            i - +0 cloak
rCorr   .            (no gloves)
SInv    .            (no boots)
Will    .....        (no amulet)
Stlth   +            (no ring)
HPRegen 0.25/turn    (no ring)
MPRegen 0.11/turn

%: no passive effects
@: no status effects
A: no striking features
a: no special abilities


You were on level 4 of the Dungeon.
You visited 1 branch of the dungeon, and saw 4 of its levels.

You collected 178 gold pieces.


   Skills:
 - Level 2.0 Fighting
 + Level 10.3 Ranged Weapons
 - Level 1.0 Armour
 - Level 3.0 Dodging
 - Level 1.2 Stealth


You had 5 spell levels left.
You didn't know any spells.
Your spell library was empty.

Inventory:

Hand Weapons
 Y - a +0 shortbow (weapon)
Armour
 b - a +0 helmet (worn)
 f - a +0 ring mail (worn)
 i - a +0 cloak (worn)
Scrolls
 a - a scroll of identify
Potions
 e - a potion of curing {unknown}

Dungeon Overview and Level Annotations

Branches:
Dungeon (4/15)
 Temple: D:4-7

Altars:
Ru


Message History

You feel your power leaking away. The gnoll closely misses you.
You shoot an arrow. The arrow hits the gnoll.
The gnoll is lightly wounded.
The gnoll hits you but does no damage. The gnoll barely misses you.
The gnoll hits you from afar with a +1 antimagic spear.
You shoot an arrow. The arrow hits the gnoll.
The gnoll is heavily wounded.
The gnoll hits you with a +0 club. The gnoll barely misses you.
The gnoll closely misses you.
You shoot an arrow. The arrow hits the gnoll.
The gnoll is almost dead.
The gnoll is no longer moving quickly.
The gnoll hits you with a +0 club. The gnoll hits you but does no damage.
The gnoll barely misses you.
You shoot an arrow. The arrow closely misses the gnoll.
Your attacks no longer feel as feeble.
The gnoll barely misses you.
The gnoll hits you from afar with a +0 halberd!
The gnoll barely misses you.
You shoot an arrow. The arrow closely misses the gnoll.
The gnoll is no longer moving quickly.
The gnoll hits you but does no damage. The gnoll barely misses you.
The gnoll misses you.
You shoot an arrow.
The arrow hits the gnoll but does no damage.
The gnoll is almost dead.
The gnoll barely misses you. The gnoll closely misses you.
The gnoll barely misses you.
You shoot an arrow. The arrow hits the gnoll.
You kill the gnoll!
The gnoll barely misses you. The gnoll hits you but does no damage.
You shoot an arrow. The arrow hits the gnoll.
The gnoll is severely wounded.
The gnoll closely misses you.
The gnoll hits you from afar with a +1 antimagic spear!
You feel your power leaking away.
You shoot an arrow.
The arrow hits the gnoll but does no damage.
The gnoll is severely wounded.
The gnoll hits you from afar with a +0 halberd.
You die...

#.# #.# #.#
.#########.# #.#
.........#.# #.#
^........#.# #.#
.........#.# #.#
.........#.# #.#
...)..)).#.#####.#
.....g)@........>#
#....g...#######.#
#........# #.#
#........# #.#
########## ###.#
#......# #...#
#......# ###.#.#
##......#####.%.#.#
......)...........#


You could see 2 gnolls.

Vanquished Creatures
  Sigmund (D:2)
  A jelly (D:3)
  A gnoll bouda (D:4)
  An iguana (D:4)
  Jessica (D:2)
  Natasha (thrice) (D:3)
  Robin (D:3)
  3 gnolls (D:4)
  3 adders
  A dart slug (D:1)
  3 orcs (D:3)
  7 ball pythons
  5 bats
  4 endoplasms
  5 giant cockroaches
  14 goblins
  6 hobgoblins
  2 quokkas
  4 frilled lizards
  7 kobolds
  3 rats
76 creatures vanquished.

Notes
Turn   | Place    | Note
-------+----------+-------------------------------------------
     0 | D:1      | qw the Deep Elf Hunter began the quest for the Orb.
     0 | D:1      | Reached XP level 1. HP: 12/12 MP: 3/3
     0 | D:1      | 0 ||| qw: Version: 0.3-a-9-g12657ce
     0 | D:1      | 0 ||| qw: Game counter: 2195
     0 | D:1      | 0 ||| qw: Always use a shield: true
     0 | D:1      | 0 ||| qw: God list: Okawaru
     0 | D:1      | 0 ||| qw: Allow faded altars: false
     0 | D:1      | 0 ||| qw: Do Orc after D:15 true
     0 | D:1      | 0 ||| qw: Do second Lair branch before Depths: true
     0 | D:1      | 0 ||| qw: Lair rune preference: random
     0 | D:1      | 0 ||| qw: Plans: Normal
     0 | D:1      | 0 ||| PLANNING D:1-11
    99 | D:1      | Reached skill level 6 in Ranged Weapons
    99 | D:1      | Reached XP level 2. HP: 16/16 MP: 4/4
   367 | D:1      | Found a faded altar of an unknown god.
   590 | D:1      | 590 ||| UPGRADING to +0 ring mail.
   600 | D:1      | 600 ||| DROPPING +0 leather armour.
   601 | D:1      | 601 ||| UPGRADING to +0 cloak.
   606 | D:1      | 606 ||| READING scroll labelled LYRU ZOTIOZEJO.
   707 | D:1      | 707 ||| READING scroll labelled AGYLIO INIE.
   708 | D:1      | 708 ||| READING scroll labelled LAOHUAMUIS.
   709 | D:1      | 709 ||| DROPPING scroll of butterflies.
   749 | D:2      | Reached XP level 3. HP: 20/20 MP: 5/5
   801 | D:2      | Noticed Sigmund
   807 | D:2      | Killed Sigmund
   808 | D:2      | Reached skill level 8 in Ranged Weapons
   808 | D:2      | Reached XP level 4. HP: 25/25 MP: 6/6
   808 | D:2      | Reached XP level 5. HP: 29/29 MP: 7/7
   950 | D:2      | Reached skill level 9 in Ranged Weapons
  1068 | D:2      | Noticed Jessica
  1076 | D:2      | Killed Jessica
  1342 | D:2      | 1342 ||| READING 2 scrolls labelled WERYXZU CUMN.
  1343 | D:2      | 1343 ||| READING scroll labelled WIPSUR XIFEMOCW.
  1481 | D:3      | Noticed Robin
  1491 | D:3      | Reached XP level 6. HP: 13/35 MP: 8/8
  1495 | D:3      | HP: 8/35 [Robin/+0 spear (2)]
  1496 | D:3      | 1496 ||| DRINKING 3 potions of heal wounds.
  1501 | D:3      | Killed Robin
  1717 | D:3      | Found a sacrificial altar of Ru.
  1719 | D:3      | Noticed Natasha
  1723 | D:3      | Killed Natasha
  1738 | D:3      | Noticed Natasha
  1746 | D:3      | Killed Natasha
  1747 | D:3      | Reached skill level 10 in Ranged Weapons
  1876 | D:3      | Noticed Natasha
  1886 | D:3      | Killed Natasha
  2026 | D:3      | 2026 ||| UPGRADING to +0 helmet.
  2031 | D:3      | 2031 ||| READING 3 scrolls labelled LEBINK MEGOEGOSCH.
  2032 | D:3      | 2032 ||| READING scroll labelled WUSISU UJOAWNU.
  2035 | D:3      | 2035 ||| DROPPING 2 scrolls of fog.
  2079 | D:4      | Reached skill level 1 in Armour
  2102 | D:4      | Reached skill level 3 in Dodging
  2114 | D:4      | HP: 8/35 [gnoll/+0 club[a gnoll bouda] (3)]
  2115 | D:4      | 2115 ||| DRINKING 2 potions of heal wounds.
  2117 | D:4      | HP: 1/35 [gnoll/+0 halberd[a gnoll bouda] (5)]
  2118 | D:4      | 2118 ||| DRINKING potion of heal wounds.
  2122 | D:4      | HP: 7/35 [gnoll/+0 halberd[a gnoll bouda] (10)]
  2126 | D:4      | HP: 1/35 [gnoll/+1 antimagic spear[a gnoll bouda] (7)]
  2127 | D:4      | Slain by a gnoll

Levels and vault maps discovered:
D:1:      evilmike_arrival_rings, layout_rooms, basic_ecumenical_altar,
          patterned_corridor
D:2:      layout_loops_ring, grunt_decor_fettered, uniq_sigmund, uniq_jessica
D:3:      layout_loops_ring, mainiacjoe_overflow_concentric_impassable,
          grunt_ministairs_7, nrook_mini_backslash, uniq_natasha, uniq_robin
D:4:      layout_basic

Skill      XL: |  1  2  3  4  5  6 |
---------------+-------------------+-----
Ranged Weapons | 6 8 9 10 | 10.3
Fighting       | 2 |  2.0
Armour         | 1 |  1.0
Dodging        | 3 |  3.0
Stealth        | |  1.2

Action                     |  1- 3 |  4- 6 || total
---------------------------+-------+-------++-------
   Fire: Shortbow          |    80 |   158 ||   238
    Use: Scroll            |     3 |     4 ||     7
         Potion            |       |     3 ||     3
 Armour: Leather armour    |     6 |       ||     6
         Ring mail         |     8 |    29 ||    37
  Dodge: Dodged            |    15 |    73 ||    88

Table legend:
 A = Non-vault XP
 B = Vault XP
 C = Vault XP percentage of total XP
 D = Non-vault monster count
 E = Vault monster count
 F = Vault count percentage of total count
                 A         B        C        D         E       F
            +---------+---------+-------+---------+---------+-------
      Total |     363 |     337 |  48.1 |      59 |      17 |  22.4
            +---------+---------+-------+---------+---------+-------
        D:1 |      36 |       0 |   0.0 |      20 |       0 |   0.0
        D:2 |      56 |     260 |  82.3 |      19 |       2 |   9.5
        D:3 |     133 |      77 |  36.7 |      13 |      15 |  53.6
        D:4 |     138 |       0 |   0.0 |       7 |       0 |   0.0
            +---------+---------+-------+---------+---------+-------
